 Dungeon Crawl Stone Soup version 0.31-a0-536-ga3e2962e35 (webtiles) character file.

Game seed: 14487670493971924648

702 Ethylacetat the Ducker (level 7, 0/49 HPs)
             Began as an Octopode Gladiator on Aug 12, 2023.
             Slain by a water moccasin (7 damage)
             ... on level 4 of the Dungeon.
             The game lasted 00:06:25 (3649 turns).

Ethylacetat the Ducker (Octopode Gladiator)         Turns: 3649, Time: 00:06:26

Health: 0/49       AC:  1    Str: 13    XL:     7   Next: 66%
Magic:  7/7        EV: 15    Int: 10    God:
Gold:   155        SH:  0    Dex: 16    Spells: 6/6 levels left

rFire   . . .        f - +2 dagger (drain)
rCold   . . .        (no shield)
rNeg    . . .        b - +0 hat
rPois   .            (no amulet)
rElec   .            (no ring)
rCorr   .            (no ring)
SInv    .            (no ring)
Will    +....        (no ring)
Stlth   +++          (no ring)
HPRegen 0.28/turn    (no ring)
MPRegen 0.10/turn    (no ring)
                     (no ring)

%: no passive effects
@: lethally poisoned (0 -> -15), enlightened, flying
A: almost no armour, amphibious, 8 rings, camouflage 1, gelatinous body 1,
(nimble swimmer 1), tentacles
a: no special abilities


You were on level 4 of the Dungeon.
You visited 1 branch of the dungeon, and saw 5 of its levels.

You collected 155 gold pieces.

Inventory:

Hand Weapons
 f - a +2 dagger of draining (weapon)
 o - a +2 whip of flaming
Missiles
 c - 3 throwing nets (quivered)
 d - a javelin
Armour
 b - a +0 hat (worn)
 y - a +0 buckler
Jewellery
 z - an amulet of magic regeneration
Talismans
 h - a storm talisman
Wands
 k - a wand of flame (19)
 v - a wand of polymorph (9)
Scrolls
 a - 2 scrolls of poison {unknown}
 e - 2 scrolls of teleportation {unknown}
 g - 3 scrolls of revelation {unknown}
 j - a scroll of vulnerability {unknown}
 m - 4 scrolls of amnesia {unknown}
 n - a scroll of immolation {unknown}
 p - a scroll of blinking {unknown}
 r - a scroll of identify {unknown}
 u - a scroll of fog {unknown}
 x - a scroll of noise {unknown}
 B - a scroll of fear {unknown}
Potions
 i - a potion of heal wounds
 l - 2 potions of enlightenment
 s - a potion of lignification {unknown}
 t - a potion of haste {unknown}
 w - a potion of mutation {unknown}
 A - a potion of cancellation {unknown}


   Skills:
 + Level 4.4 Fighting
 - Level 3.1 Long Blades
 - Level 2.0 Throwing
 + Level 5.0 Dodging
 - Level 1.1 Stealth
 * Level 4.4 Shapeshifting


You had 6 spell levels left.
You didn't know any spells.
Your spell library was empty.

Dungeon Overview and Level Annotations

Branches:
Dungeon (5/15)             Temple (0/1) D:4

Altars:
Cheibriados
Fedhas
Trog
Vehumet
Xom
The Shining One


Innate Abilities, Weirdness & Mutations

You cannot wear most types of armour.
You are amphibious.
You can wear up to eight rings at the same time.
Your skin changes colour to match your surroundings (Stealth+).
Your rubbery body absorbs attacks. (AC +1, EV +1)
((You are camouflaged when in or above water. (Stealth+)))
You have tentacles for arms and can constrict up to eight enemies at once.


Message History

The water moccasin poisons you! The orc hits you with a +0 falchion.
The orc throws a boomerang.
The boomerang barely misses you. The water moccasin closely misses you.
The water moccasin bites you!
There is a stone staircase leading up here.
You feel very sick. The water moccasin misses you.
The water moccasin bites you. The orc closely misses you.
You climb upwards.
You feel very sick.
There is a stone staircase leading down here.
It was a potion of enlightenment.
You feel very buoyant.
You fly up into the air.
You feel very sick. The water moccasin closely misses you.
The orc hits you with a +0 falchion.
* * * LOW HITPOINT WARNING * * *
The water moccasin bites you!
* * * LOW HITPOINT WARNING * * *
You are more poisoned.
The water moccasin poisons you!
You feel much better.
You feel very sick. The orc misses you. The water moccasin bites you.
* * * LOW HITPOINT WARNING * * *
It was a potion of curing.
You feel better. The water moccasin bites you!
* * * LOW HITPOINT WARNING * * *
The orc barely misses you. The water moccasin bites you.
* * * LOW HITPOINT WARNING * * *
You closely miss the water moccasin. You grab the water moccasin.
You constrict the water moccasin, but do no damage.
The water moccasin bites you.
* * * LOW HITPOINT WARNING * * *
You are lethally poisoned!
The water moccasin poisons you!
You feel better.
You constrict the water moccasin. The water moccasin bites you.
The water moccasin bites you!
* * * LOW HITPOINT WARNING * * *
You are lethally poisoned!
The water moccasin poisons you! The water moccasin bites you!
You die...

######## ###########
#......# ### #.........#
#.####.# #@#####.........#
#.# #.# #SSo.##.........#
#.# #.###.##............#
#.####...................#
#..........#####.........##
######.....# #...........
#..........# #.........##
#.#####....# ###.......#
#.# #....# #.......#


You could see 2 water moccasins and an orc.

Vanquished Creatures
  Sigmund (D:3)
  Menkaure (D:5)
  Edmund (D:4)
  2 orc priests (D:4)
  Jessica (D:2)
  An orc wizard (D:3)
  Terence (D:2)
  Robin (D:2)
  4 gnolls
  An adder (D:3)
  A shadow imp (D:5)
  2 worms
  4 dart slugs
  9 orcs
  7 ball pythons
  4 bats
  3 endoplasms
  2 giant cockroaches (D:1)
  8 goblins (D:2)
  12 hobgoblins
  6 jackals
  6 quokkas
  4 frilled lizards
  7 kobolds
  6 rats
95 creatures vanquished.

Notes
Turn   | Place    | Note
-------+----------+-------------------------------------------
     0 | D:1      | Ethylacetat the Octopode Gladiator began the quest for the
                  | Orb.
     0 | D:1      | Reached XP level 1. HP: 14/14 MP: 1/1
   138 | D:1      | Reached skill level 1 in Stealth
   138 | D:1      | Reached XP level 2. HP: 13/19 MP: 2/2
   462 | D:1      | Reached XP level 3. HP: 25/25 MP: 3/3
   736 | D:2      | Noticed Jessica
   743 | D:2      | Killed Jessica
   744 | D:2      | Reached skill level 1 in Shapeshifting
   807 | D:2      | You fall into a shaft and drop 1 floor!
   824 | D:3      | Reached XP level 4. HP: 30/30 MP: 4/4
  1101 | D:3      | Reached XP level 5. HP: 36/36 MP: 5/5
  1280 | D:3      | Found a faded altar of an unknown god.
  1285 | D:3      | Found a radiant altar of Vehumet.
  1496 | D:3      | Noticed Sigmund
  1509 | D:3      | Killed Sigmund
  1510 | D:3      | Reached skill level 4 in Dodging
  1510 | D:3      | Reached XP level 6. HP: 31/42 MP: 6/6
  1774 | D:2      | Noticed Terence
  1785 | D:2      | Killed Terence
  1836 | D:2      | Found a shimmering altar of Xom.
  1951 | D:2      | Noticed Robin
  1980 | D:2      | Killed Robin
  2218 | D:2      | Found a faded altar of an unknown god.
  2577 | D:4      | HP: 2/43 [quokka (2)]
  2946 | D:4      | Found a staircase to the Ecumenical Temple.
  2967 | D:4      | Found a blossoming altar of Fedhas.
  3205 | D:4      | Reached XP level 7. HP: 47/47 MP: 7/7
  3215 | D:4      | Found a snail-covered altar of Cheibriados.
  3218 | D:4      | Noticed Edmund
  3229 | D:4      | Killed Edmund
  3230 | D:4      | Found a glowing golden altar of the Shining One.
  3231 | D:4      | Found a bloodstained altar of Trog.
  3470 | D:5      | Entered Level 5 of the Dungeon
  3470 | D:5      | Noticed Menkaure
  3477 | D:5      | Killed Menkaure
  3489 | D:4      | Reached skill level 5 in Dodging
  3645 | D:4      | HP: 1/49 [water moccasin (8)]
  3649 | D:4      | Slain by a water moccasin

Illustrated notes

Levels and vault maps discovered:
D:1:      giann_horns, layout_rooms, hangedman_glass_teeth, dk_noncrumbling_3
D:2:      layout_loops_corners, basic_altar,
          hellmonk_ecumenical_altar_defaced_shrine, uniq_terence, uniq_jessica,
          uniq_robin
D:3:      layout_basic, nicolae_overflow_ecumenical_swirl, st_stairs_1,
          minmay_close_crescents, uniq_sigmund
D:4:      layout_basic, lemuel_tele_altar, minitemple,
          minmay_temple_entry_from_below_b, uniq_edmund
D:5:      layout_loops_ring, mainiacjoe_overflow_alcove_2,
          nicolae_uskayaw_murder_on_the_dancefloor, portal_sewer_entry_d,
          uniq_menkaure

Skill      XL: |  1  2  3  4  5  6  7 |
---------------+----------------------+-----
Stealth        | 1 |  1.1
Shapeshifting  | 1 2 3 4 |  4.4
Fighting       | 3 4 |  4.4
Dodging        | 4 5 |  5.0
Long Blades    | |  3.1
Throwing       | |  2.0

Action                     |  1- 3 |  4- 6 |  7- 9 || total
---------------------------+-------+-------+-------++-------
  Melee: Long sword        |    41 |       |       ||    41
         Constrict         |     8 |    35 |     5 ||    48
         Tentacles         |     4 |    24 |     6 ||    34
         Punch             |     2 |     1 |     1 ||     4
         Dagger            |     6 |   123 |    20 ||   149
         Unarmed           |       |     7 |       ||     7
    Use: Potion            |       |     2 |     4 ||     6
   Stab: Sleeping          |     5 |    11 |       ||    16
         Distracted        |       |     1 |       ||     1
 Armour: Skin              |       |     4 |       ||     4
  Dodge: Dodged            |    36 |    85 |    13 ||   134

Table legend: (Time is in decaauts)
 A = Elapsed time spent in this place.
 B = Non-inter-level travel time spent in this place.
 C = Inter-level travel time spent in this place.
 D = Time resting spent in this place.
 E = Time spent auto-exploring this place.
 F = Levels seen in this place.
 G = Mean time per level.
                   A        B        C        D        E       F      G
               +--------+--------+--------+--------+--------+-----+--------+
         Total |   3638 |   3358 |    280 |    198 |   2537 |   5 |  727.6 |
       Dungeon |   3638 |   3358 |    280 |    198 |   2537 |   5 |  727.6 |
               +--------+--------+--------+--------+--------+-----+--------+

Top non-repeatable levels by time:
     D:4: 1085 daAuts
     D:2: 968 daAuts
     D:3: 914 daAuts
     D:1: 652 daAuts
     D:5: 17 daAuts
